 Dungeon Crawl Stone Soup version 0.25-a0-632-g7713895373 (webtiles) character file.

Game seed: 7940799145218937107, levelgen mode: deterministic

119 kae the Insei (level 4, -2/33 HPs)
             Began as a Demonspawn Transmuter on Mar 19, 2020.
             Slain by Natasha (8 damage)
             ... on level 2 of the Dungeon.
             The game lasted 00:02:14 (2073 turns).

kae the Insei (Demonspawn Transmuter)               Turns: 2073, Time: 00:02:14

Health: -2/33      AC:  3    Str: 12    XL:     4   Next: 74%
Magic:  6/8        EV: 12    Int: 14    God:
Gold:   139        SH:  0    Dex: 13    Spells: 2/8 levels left

rFire    . . .     SeeInvis .     - Unarmed
rCold    . . .     Gourm    .   (no shield)
rNeg     . . .     Faith    .   b - +1 robe
rPois    .         Spirit   .   (no helmet)
rElec    .         Reflect  .   (no cloak)
rCorr    .         Harm     .   (no gloves)
MR       .....                  (no boots)
Stlth    ..........             (no amulet)
HPRegen  0.11/turn              c - ring of attention (curse)
MPRegen  0.11/turn              (no ring)

@: slowed, very slow
A: hooves 1, powered by death 1, rot immunity
a: no special abilities


You were on level 2 of the Dungeon.
You were hungry.

You visited 1 branch of the dungeon, and saw 2 of its levels.

You collected 139 gold pieces.

Inventory:

Missiles
 a - 112 arrows
Armour
 b - a +1 robe (worn)
Jewellery
 c - a cursed ring of attention (left hand)
Scrolls
 e - a scroll of magic mapping
 f - 2 scrolls of teleportation
 g - a scroll of remove curse
 j - a scroll of amnesia {unknown}
Potions
 h - a potion of lignification {unknown}
 i - 6 potions of curing
 k - a potion of flight {unknown}
 l - a potion of mutation {unknown}
Comestibles
 d - 7 rations


   Skills:
 + Level 2.1 Fighting
 - Level 1.7 Dodging
 * Level 3.8 Unarmed Combat
 + Level 2.7 Spellcasting
 + Level 2.5 Transmutations


You had 2 spell levels left.
You knew the following spells:

 Your Spells              Type           Power        Failure   Level  Hunger
a - Beastly Appendage     Tmut           #.....       8%          1    #......
b - Sticks to Snakes      Tmut           #.......     12%         2    ###....
c - Spider Form           Tmut/Pois      #.........   36%         3    ###....

Your spell library contained the following spells:

 Spells                   Type           Power        Failure   Level  Hunger
 Ice Form                 Ice/Tmut       #.......     78%         4    #####..
 Blade Hands              Tmut           #.........   91%         5    ######.


Dungeon Overview and Level Annotations

Branches:
Dungeon (2/15)

Altars:
Cheibriados
Dithmenos

Annotations:
D:2 Natasha


Innate Abilities, Weirdness & Mutations

You have large cloven feet.
You regenerate a little health from kills.
You are immune to rotting.


Message History

Natasha hisses.
Natasha completely misses you.
You barely miss Natasha.
Natasha is heavily wounded.
Your transformation has ended.
Your +1 robe unmelds from your body.
Natasha wildly gestures.
Natasha's front paws start to glow.
Natasha drinks a potion.
Natasha is healed!
Natasha looks more healthy.
You hit Natasha. Your kick misses Natasha.
Natasha is moderately wounded.
Natasha barely misses you. Natasha claws you.
You hit Natasha.
Natasha is heavily wounded.
Natasha claws you.
* * * LOW HITPOINT WARNING * * *
You hit Natasha. Your kick misses Natasha.
Natasha is heavily wounded.
Natasha claws you!
You die...

**,,,,,,,,.....#* ##.# *#....##
,*,,,,,,,,......###..# #..####
,,,,,,,,,,......>#..## #.#######
*,,,,,,,,,,.##.....#####.# #...#
,,,,,,,,,,..........##...# #...#
,,,,,,,,,,.###.#.......### #...#
**,,,,*,,,**##,##.#.#..#####...#
,,,**,**,...#..#.##.......(....#
,,,,,,,,,......)@..............#
,,***,***##....h###........#...#
*,* *,,**...#..5......######)..#
*,****,**.,........#### #...#
*,,***,,>..........,** #...#
*,,,>,,**#........<,,* #####
,,***,,,,..........*** ,**
*,,,*....######* ** *,,*,*,,,*


You could see Natasha and a crimson imp.

Vanquished Creatures
  Terence (D:2)
  Natasha (D:2)
  An adder (D:2)
  2 worms (D:2)
  2 dart slugs (D:1)
  A leopard gecko (D:2)
  3 giant cockroaches (D:1)
  5 goblins
  9 hobgoblins
  5 jackals (D:2)
  A ball python (D:2)
  2 bats
  9 kobolds
  4 rats
46 creatures vanquished.

Notes
Turn   | Place    | Note
-------+----------+-------------------------------------------
     0 | D:1      | kae the Demonspawn Transmuter began the quest for the Orb.
     0 | D:1      | Reached XP level 1. HP: 15/15 MP: 3/3
    76 | D:1      | Reached skill level 3 in Unarmed Combat
    76 | D:1      | Lost mutation: You have claws for feet. [demonic ancestry]
    76 | D:1      | Lost mutation: You have razor-sharp toenails. [demonic
                  | ancestry]
    76 | D:1      | Lost mutation: You have sharp toenails. [demonic ancestry]
    76 | D:1      | Gained mutation: You have large cloven feet. [demonic
                  | ancestry]
    76 | D:1      | Reached XP level 2. HP: 10/21 MP: 3/5
   864 | D:2      | Gained mutation: You regenerate a little health from kills.
                  | [demonic ancestry]
   864 | D:2      | Reached XP level 3. HP: 23/26 MP: 4/6
   894 | D:2      | Noticed Terence
  1168 | D:1      | Learned a level 2 spell: Sticks to Snakes
  1172 | D:1      | Learned a level 3 spell: Spider Form
  1215 | D:2      | Found a faded altar of an unknown god.
  1675 | D:2      | Killed Terence
  1675 | D:2      | Gained mutation: You are immune to rotting. [demonic
                  | ancestry]
  1675 | D:2      | Reached XP level 4. HP: 32/33 MP: 3/7
  1786 | D:2      | Noticed Natasha
  1796 | D:2      | Killed Natasha
  1868 | D:2      | Found a shadowy altar of Dithmenos.
  1885 | D:2      | Found a snail-covered altar of Cheibriados.
  2062 | D:2      | Noticed Natasha
  2073 | D:2      | Slain by Natasha

Levels and vault maps discovered:
D:1:      psy_arrival_fountain, layout_basic
D:2:      layout_rooms, chequers_temple_overflow_statue_of_worship,
          chequers_ecumenical_altar_simple_redux, uniq_natasha, uniq_terence

Skill      XL: |  1  2  3 |
---------------+----------+-----
Unarmed Combat | 3 |  3.8
Transmutations | 2 |  2.5
Fighting       | 2 |  2.1
Dodging        | |  1.7
Spellcasting   | |  2.7

Action                   |  1- 3 |  4- 6 || total
-------------------------+-------+-------++-------
Melee: Unarmed           |   121 |    35 ||   156
       Kick              |    30 |     6 ||    36
       Headbutt          |     6 |     2 ||     8
       Punch             |     1 |       ||     1
 Cast: Beastly Appendage |    19 |     2 ||    21
       Spider Form       |     2 |     2 ||     4
  Use: Scroll            |     5 |       ||     5
       Potion            |     1 |       ||     1
  Eat: Chunk             |     3 |     1 ||     4
Armor: Robe              |    22 |     5 ||    27
Dodge: Dodged            |    93 |    21 ||   114

Table legend:
 A = Non-vault XP
 B = Vault XP
 C = Vault XP percentage of total XP
 D = Non-vault monster count
 E = Vault monster count
 F = Vault count percentage of total count
                 A         B        C        D         E       F
            +---------+---------+-------+---------+---------+-------
      Total |     100 |      71 |  41.5 |      44 |       2 |   4.3
            +---------+---------+-------+---------+---------+-------
        D:1 |      37 |       0 |   0.0 |      19 |       0 |   0.0
        D:2 |      63 |      71 |  53.0 |      25 |       2 |   7.4
            +---------+---------+-------+---------+---------+-------
